 Dungeon Crawl Stone Soup version 0.31-a0-1237-gabc64e778c (webtiles) character file.

Game seed: 6192235823568265022

65 Maratek the Sneak (level 4, 0/27 HPs)
             Began as a Kobold Brigand on Dec 15, 2023.
             Slain by a kobold
             ... wielding a +0 short sword
              (3 damage)
             ... on level 3 of the Dungeon.
             The game lasted 00:01:54 (2094 turns).

Maratek the Sneak (Kobold Brigand)                  Turns: 2094, Time: 00:01:54

Health: 0/27       AC:  4    Str:  8    XL:     4   Next: 34%
Magic:  4/4        EV: 15    Int: 12    God:
Gold:   136        SH:  0    Dex: 18    Spells: 3/3 levels left

rFire   . . .        a - +2 dagger
rCold   . . .        (no shield)
rNeg    . . .        b - +0 robe
rPois   .            (no helmet)
rElec   .            c - +0 cloak
rCorr   .            l - +0 pair of gloves
SInv    .            (no boots)
Will    .....        (no amulet)
Stlth   ++++         (no ring)
HPRegen 0.24/turn    (no ring)
MPRegen 0.09/turn

%: no passive effects
@: lethally poisoned (0 -> -3)
A: small, no large weapons, nightstalker 3
a: no special abilities


You were on level 3 of the Dungeon.
You visited 1 branch of the dungeon, and saw 3 of its levels.

You collected 136 gold pieces.

Inventory:

Hand Weapons
 a - a +2 dagger (weapon)
Missiles
 d - 9 poisoned darts (quivered)
 e - 3 curare-tipped darts
Armour
 b - a +0 robe (worn)
 c - a +0 cloak (worn)
 l - a +0 pair of gloves (worn)
Jewellery
 g - a ring of ice
Scrolls
 f - 2 scrolls of poison
 k - a scroll of vulnerability
Potions
 h - a potion of brilliance {unknown}
 i - a potion of heal wounds {unknown}
 j - a potion of curing {unknown}


   Skills:
 * Level 2.8 Fighting
 * Level 3.4 Short Blades
 * Level 2.8 Throwing
 * Level 2.2 Dodging
 * Level 5.8 Stealth


You had 3 spell levels left.
You didn't know any spells.
Your spell library contained the following spells:

 Spells                   Type           Power      Damage    Failure   Level
 Slow                     Hex            0%         N/A       32%         1
 Confusing Touch          Hex            0%         N/A       69%         3
 Sigil of Binding         Hex            0%         N/A       69%         3
 Vampiric Draining        Necr           0%         2d6       69%         3
 Vhi's Electric Charge    Tloc/Air       0%         N/A       97%         4
 Arcjolt                  Conj/Air       0%         1d10      100%        5
 Maxwell's Capacitive Co  Air            0%         ∞         100%        8


Dungeon Overview and Level Annotations

Branches:
Dungeon (3/15)

Altars:


Innate Abilities, Weirdness & Mutations

You are small and have problems with some larger weapons.
You are completely attuned to the shadows.


Message History

You are too injured to fight recklessly!
You are too injured to fight recklessly!
You are too injured to fight recklessly!
You are too injured to fight recklessly!
You are too injured to fight recklessly!
You are too injured to fight recklessly!
You are too injured to fight recklessly!
You are too injured to fight recklessly!
You are too injured to fight recklessly!
You are too injured to fight recklessly!
You are too injured to fight recklessly!
You are too injured to fight recklessly!
You are too injured to fight recklessly!
You are too injured to fight recklessly!
You are too injured to fight recklessly!
You are too injured to fight recklessly!
You are too injured to fight recklessly!
The adder attacks as it pursues you! The adder barely misses you.
The orc attacks as it pursues you! The orc barely misses you.
The adder bites you.
You are too injured to fight recklessly!
You hit the kobold but do no damage. The adder barely misses you.
You closely miss the kobold.
The kobold hits you with a +0 short sword.
The adder closely misses you.
You barely miss the kobold. The adder barely misses you. The kobold misses you.
You hit the kobold but do no damage. The adder bites you but does no damage.
The kobold barely misses you.
You hit the kobold.
The kobold is heavily wounded.
The adder bites you.
* * * LOW HITPOINT WARNING * * *
You are poisoned.
The adder poisons you! The kobold misses you.
You barely miss the kobold.
The kobold is heavily wounded.
You feel sick. The adder bites you.
* * * LOW HITPOINT WARNING * * *
The kobold hits you with a +0 short sword.
You die...

## #.# ...
...#.
...##...#
.##.†...#
....o...###
###S#.....
#@K.#...
#..##.##
####....###
..........###
###....##...#
#....####..#
#....# #.#
#....# .#


You could see an adder, an orc and a kobold.

Vanquished Creatures
  3 adders
  2 dart slugs
  A ball python (D:1)
  3 endoplasms
  2 giant cockroaches
  3 goblins (D:2)
  2 hobgoblins
  6 bats
  5 frilled lizards
  4 kobolds
  5 rats (D:2)
36 creatures vanquished.

Notes
Turn   | Place    | Note
-------+----------+-------------------------------------------
     0 | D:1      | Maratek the Kobold Brigand began the quest for the Orb.
     0 | D:1      | Reached XP level 1. HP: 12/12 MP: 1/1
   433 | D:1      | Reached XP level 2. HP: 18/18 MP: 2/2
  1129 | D:2      | Reached XP level 3. HP: 22/22 MP: 3/3
  1655 | D:2      | Reached XP level 4. HP: 20/27 MP: 4/4
  2094 | D:3      | Slain by a kobold

Illustrated notes

Levels and vault maps discovered:
D:1:      minmay_arrival_arboretum_small, layout_basic
D:2:      layout_basic, serial_bayou, serial_bayou_crossing,
          serial_bayou_ford_a, serial_bayou_lagoon_b, serial_bayou_pond_e,
          serial_bayou_pond_b
D:3:      layout_basic, shapermc_ecumenical_altar_hornbeckon, minmay_distorted

Skill      XL: |  1  2  3 |
---------------+----------+-----
Short Blades   | 3 |  3.4
Dodging        | 2 |  2.2
Fighting       | |  2.8
Throwing       | |  2.8
Stealth        | |  5.8

Action                     |  1- 3 |  4- 6 || total
---------------------------+-------+-------++-------
  Melee: Dagger            |    72 |    32 ||   104
    Use: Scroll            |     3 |     3 ||     6
   Stab: Sleeping          |    14 |     2 ||    16
 Armour: Robe              |    24 |    20 ||    44
  Dodge: Dodged            |    38 |    26 ||    64

Table legend: (Time is in decaauts)
 A = Elapsed time spent in this place.
 B = Non-inter-level travel time spent in this place.
 C = Inter-level travel time spent in this place.
 D = Time resting spent in this place.
 E = Time spent auto-exploring this place.
 F = Levels seen in this place.
 G = Mean time per level.
                   A        B        C        D        E       F      G
               +--------+--------+--------+--------+--------+-----+--------+
         Total |   2133 |   2097 |     36 |    149 |   1696 |   3 |  711.0 |
       Dungeon |   2133 |   2097 |     36 |    149 |   1696 |   3 |  711.0 |
               +--------+--------+--------+--------+--------+-----+--------+

Top non-repeatable levels by time:
     D:1: 1121 daAuts
     D:2: 984 daAuts
     D:3: 27 daAuts
